 Dungeon Crawl Stone Soup version 0.23.1-37-gaa34b87b72 (webtiles) character file.

Game seed: 7729699288426109419

100051 PikkenKukken the Grappler (level 15, -5/160 (161) HPs)
             Began as a Troll Necromancer on Mar 23, 2019.
             Was a High Priest of Okawaru.
             Slain by a two-headed ogre
             ... wielding a +0 giant club
              (12 damage)
             ... while petrified by a basilisk
             ... on level 15 of the Dungeon.
             The game lasted 01:32:33 (21467 turns).

PikkenKukken the Grappler (Troll Necromancer)      Turns: 21467, Time: 01:32:34

HP:   -5/160 (161)  AC:  9    Str: 27    XL:     15   Next: 79%
MP:   32/32         EV:  1    Int: 15    God:    Okawaru [*****.]
Gold: 1525          SH:  0    Dex: 11    Spells: 14/26 levels left

rFire    + . .     SeeInvis +     - Unarmed
rCold    . . .     Gourm    +   (no shield)
rNeg     + + +     Faith    .   z - +2 robe of Vines {NoPotionHeal Regen+7}
rPois    ∞         Spirit   .   q - +1 hat
rElec    .         Reflect  .   C - scarf {rC+ rF+}
rCorr    .         Harm     .   (gloves unavailable)
MR       +....     Clarity  +   (boots unavailable)
Stlth    +.........             M - amulet of magic regeneration
HPRegen  3.56/turn              b - ring of see invisible
MPRegen  0.48/turn              G - ring "Tennitz" {Wiz +Blink rC- MP+9 Str+7}

@: petrified, slowed
A: large, unfitting armour, claws 3, clarity, fast metabolism 3, gourmand,
regeneration 1, shaggy fur 1, tough skin 3, wild magic 1
a: Heroism, Finesse, Renounce Religion, Evoke Blink


You were on level 15 of the Dungeon.
You worshipped Okawaru.
Okawaru was extremely pleased with you.
You were very full.

You visited 4 branches of the dungeon, and saw 24 of its levels.
You also visited: Bailey.

You collected 2142 gold pieces.
You spent 617 gold pieces at shops.

Inventory:

Hand Weapons
 D - a +0 giant club
Missiles
 t - 66 tomahawks of returning
 x - a throwing net
 N - 28 large rocks (quivered)
Armour
 q - a +1 hat (worn)
 w - a +1 robe of magic resistance
 z - the +2 robe of Vines (worn) {NoPotionHeal Regen+7}
   (You found it on level 10 of the Dungeon)

   It increases your rate of regeneration.
 C - a scarf of resistance (worn)
 R - a +1 shield of poison resistance
Jewellery
 b - a ring of see invisible (left claw)
 y - an uncursed ring of flight
 G - the ring "Tennitz" (right claw) {Wiz +Blink rC- MP+9 Str+7}
   (You found it on level 4 of the Lair of Beasts)

   [ring of wizardry]

   It improves your spell success rate.
   It affects your strength (+7).
   It makes you vulnerable to cold.
   It affects your magic capacity (+9).
   It lets you blink.
 H - an uncursed ring of resist corrosion
 K - a +5 ring of intelligence {unknown}
 M - an amulet of magic regeneration (around neck)
Wands
 r - a wand of digging (5)
 I - a wand of iceblast (7)
 L - a wand of clouds (6)
 O - a wand of acid (9)
 Q - a wand of disintegration (12)
Scrolls
 g - a scroll of blinking
 h - 6 scrolls of amnesia
 k - 4 scrolls of enchant armour
 l - 6 scrolls of remove curse
 m - 4 scrolls of teleportation
 o - a scroll of fear
 A - 3 scrolls of fog
 F - a scroll of summoning
 S - 3 scrolls of identify
Potions
 d - 2 potions of invisibility
 e - 7 potions of curing
 f - 6 potions of heal wounds
 i - a potion of cancellation
 j - 6 potions of lignification
 n - 8 potions of mutation
 p - 7 potions of might
 s - 5 potions of agility
 u - 2 potions of flight
 v - 3 potions of magic
 B - 2 potions of brilliance
 E - a potion of ambrosia
 J - a potion of haste
Miscellaneous
 a - a phantom mirror
Comestibles
 c - 30 rations


   Skills:
 + Level 13.5 Fighting
 - Level 5.1 Throwing
 - Level 8.7 Dodging
 - Level 1.0 Stealth
 + Level 14.6 Unarmed Combat
 - Level 6.0 Spellcasting
 - Level 4.0 Charms
 - Level 8.0 Necromancy
 - Level 3.0 Ice Magic
 - Level 3.0 Invocations


You had 14 spell levels left.
You knew the following spells:

 Your Spells              Type           Power        Failure   Level  Hunger
a - Regeneration          Chrm/Necr      ####......   2%          3    ##.....
b - Animate Skeleton      Necr           N/A          1%          1    None
c - Pain                  Necr           ####         1%          1    None
d - Animate Dead          Necr           N/A          3%          4    ####...
e - Ozocubu's Armour      Chrm/Ice       ###.....     6%          3    ##.....

Your spell library contained the following spells:

 Spells                   Type           Power        Failure   Level  Hunger
 Infusion                 Chrm           ###.         1%          1    None
 Corpse Rot               Necr           N/A          1%          2    #......
 Vampiric Draining        Necr           #####.....   1%          3    ##.....
 Freeze                   Ice            ###.         2%          1    None
 Song of Slaying          Chrm           ###.....     2%          2    #......
 Shroud of Golubria       Chrm/Tloc      ##........   6%          2    #......
 Throw Frost              Conj/Ice       ##....       7%          2    #......
 Flame Tongue             Conj/Fire      #....        9%          1    None
 Magic Dart               Conj           #...         9%          1    None
 Spectral Weapon          Hex/Chrm       ##......     11%         3    ##.....
 Blink                    Tloc           N/A          12%         2    #......
 Call Imp                 Summ           #.......     12%         2    #......
 Slow                     Hex            #.......     12%         2    #......
 Throw Flame              Conj/Fire      #.....       12%         2    #......
 Conjure Flame            Conj/Fire      #.......     22%         3    ##.....
 Inner Flame              Hex/Fire       #.......     22%         3    ##.....
 Mephitic Cloud           Conj/Pois/Air  #.......     22%         3    ##.....
 Stone Arrow              Conj/Erth      #.....       22%         3    ##.....
 Summon Ice Beast         Ice/Summ       ##......     36%         4    ####...
 Throw Icicle             Conj/Ice       ##......     36%         4    ####...
 Leda's Liquefaction      Hex/Erth       #.........   54%         4    ####...
 Sticky Flame             Conj/Fire      #.......     54%         4    ####...
 Iskenderun's Battlesphe  Conj/Chrm      ##......     61%         5    ######.
 Bolt of Magma            Conj/Fire/Erth #.........   86%         5    ######.
 Fireball                 Conj/Fire      #.........   86%         5    ######.
 Summon Forest            Summ/Tloc      #.........   86%         5    ######.
 Venom Bolt               Conj/Pois      #.........   86%         5    ######.
 Ozocubu's Refrigeration  Ice            ###.......   95%         6    #######
 Hydra Form               Tmut           #.........   100%        6    #######
 Iron Shot                Conj/Erth      #.........   100%        6    #######
 Orb of Destruction       Conj           #.........   100%        7    #######
 Spellforged Servitor     Conj/Summ      #.........   100%        7    #######
 Summon Hydra             Summ           #.........   100%        7    #######
 Discord                  Hex            #.........   100%        8    #######
 Disjunction              Tloc           #.........   100%        8    #######


Dungeon Overview and Level Annotations

Branches:
Dungeon (15/15)            Temple (1/1) D:6            Lair (6/6) D:10
 Shoals (0/4) Lair:2       Spider (0/4) Lair:2        Slime (0/5) Lair:6
    Orc (2/2) D:12            Elf (0/3) Orc:2        Vaults (0/5) D:13
 Depths (0/5) D:15

Altars:
Ashenzari
Cheibriados
Dithmenos
Elyvilon
Fedhas
Gozag
Hepliaklqana
Kikubaaqudgha
Makhleb
Nemelex Xobeh
Okawaru
Qazlal
Ru
Sif Muna
Trog
Uskayaw
Vehumet
Wu Jian
Xom
Yredelemnul
Zin
The Shining One
Beogh
Jiyva

Shops:
D:4 !   D:5 (   D:8 *   D:12 (   Orc:1 *   Orc:2 :?[}

Portals:
Trove: D:10 (give +3 gold dragon scales)

Annotations:
D:3 3 runed translucent doors, Sondor's ghost, amateur DsCK
D:4 1 runed translucent door, Crazy Yiuf
Lair:6 3 runed translucent doors, Lusmu's ghost, journeyman HuWn; Nutum's ghost, journeyman OpTm
Orc:1 2 transporters, Teps's ghost, journeyman GrBe


Innate Abilities, Weirdness & Mutations

You are too large for most types of armour.
You have claws for hands.
Your metabolism is lightning-fast.
You like to eat raw meat.
Your natural rate of healing is unusually fast.
You are covered in fur. (AC +1)
You have extremely tough skin. (AC +3)
You possess an exceptional clarity of mind.
Your spells are a little harder to cast, but a little more powerful.


Message History

The two-headed ogre hits you with a +0 giant club!
* * * LOW HITPOINT WARNING * * *
The basilisk bites you.
* * * LOW HITPOINT WARNING * * *
The two-headed ogre hits you with a +0 dire flail of protection!
* * * LOW HITPOINT WARNING * * *
The two-headed ogre barely misses you.
The two-headed ogre hits you with a +0 giant club!
* * * LOW HITPOINT WARNING * * *
The two-headed ogre hits you with a +0 giant club!
* * * LOW HITPOINT WARNING * * *
The basilisk gazes at you.
You easily resist.
The two-headed ogre hits you with a +0 dire flail of protection!
* * * LOW HITPOINT WARNING * * *
The two-headed ogre hits you with a +0 giant club!!
* * * LOW HITPOINT WARNING * * *
The basilisk completely misses you.
The two-headed ogre hits you with a +0 giant club!!
You die...
O

.. (.. ((.. (.... .
#####.(.... ...
#...(....# ....
#.O(.....# .....
#####@l......#
...#+#####.....O......#
#..................###
+......#...........#
#..................#
#.....###..........#
####)..#Z#:#.#........#
.........#.#..........#
.....#.........#......#


You could see 2 two-headed ogres and a basilisk.

Vanquished Creatures
  An orc warlord (Orc:2)
  An ettin (D:15)
  A yaktaur captain (D:13)
  Erolcha (Orc:1)
  Josephine (Orc:1)
  A fire dragon (D:10)
  4 hydras
  2 catoblepae
  4 two-headed ogres
  3 ogre magi
  5 centaur warriors
  3 tengu warriors
  A deep troll earth mage (D:12)
  Nergalle (D:12)
  Sonja (D:11)
  4 skeletal warriors
  2 wizards (D:15)
  A deep troll (D:15)
  3 unseen horrors
  A phantasmal warrior (D:12)
  Pikel (D:4)
  An orc knight (D:15)
  2 oklob plants (Lair:4)
  9 orc sorcerers
  2 deep elf magi
  9 cyclopes
  18 ugly things
  2 manticores
  A merfolk siren (Lair:2)
  7 elephants
  2 black mambas
  Joseph (D:9)
  Psyche (D:9)
  23 spiny frogs
  A gargoyle (D:14)
  7 komodo dragons
  A kobold demonologist (D:11)
  A yaktaur (shapeshifter) (D:12)
  2 yaktaurs (D:13)
  A tengu conjurer (D:15)
  4 trolls
  A polar bear (Lair:5)
  2 tyrant leeches (Lair:6)
  4 dream sheep (Lair:6)
  7 slime creatures
  26 blink frogs
  A hornet (D:9)
  6 hippogriffs
  Sigmund (D:4)
  A shadow (D:15)
  A spriggan (D:7)
  5 wraiths
  32 yaks
  A wyvern (D:9)
  A basilisk (Lair:1)
  A hungry ghost (D:10)
  6 vampire mosquitoes
  Eustachio (D:4)
  Grum (D:9)
  Edmund (D:4)
  2 wargs (D:12)
  2 acid dragons
  8 water moccasins
  5 porcupines
  A hornet zombie (D:9)
  A phantom (D:13)
  4 sky beasts
  4 black bears
  An eye of draining (D:10)
  24 orc warriors
  6 ice beasts
  A necrophage (D:12)
  16 ogres
  4 wolves
  16 centaurs
  7 crocodiles
  21 bullfrogs
  6 scorpions
  14 killer bees
  6 wights
  An electric eel (Lair:6)
  12 crimson imps
  9 centaur zombies
  6 howler monkeys
  9 hounds
  A bullfrog zombie (D:10)
  6 jellies
  A centaur skeleton (D:10)
  11 orc priests
  31 orc wizards
  5 iguanas
  Ijyb (D:5)
  Jessica (D:2)
  A bullfrog skeleton (D:4)
  Natasha (twice) (D:3)
  5 worker ants
  A killer bee zombie (D:8)
  A hound zombie (D:5)
  2 hound skeletons
  2 mummies (D:14)
  A worker ant zombie (D:10)
  Robin (D:4)
  3 howler monkey skeletons
  17 gnolls
  12 adders
  6 shadow imps
  An ooze (D:4)
  An adder zombie (D:5)
  An adder skeleton (D:6)
  2 worms
  5 dart slugs
  7 leopard geckos
  74 orcs
  A ball python (D:1)
  4 giant cockroaches
  18 goblins
  20 hobgoblins
  7 jackals
  4 quokkas
  7 bats
  4 frilled lizards
  14 kobolds
  A quokka skeleton (D:4)
  5 rats
709 creatures vanquished.

Vanquished Creatures (collateral kills)
  2 hydras (Lair:5)
  A centaur warrior (D:13)
  An elephant (Lair:5)
  2 merfolk sirens (Lair:2)
  A centaur skeleton (D:14)
  A gargoyle (D:10)
  4 spiny frogs
  A rime drake (Lair:6)
  A komodo dragon (Lair:2)
  A polar bear (Lair:2)
  A merfolk (Lair:2)
  A tyrant leech (Lair:6)
  A troll (D:10)
  A hornet (D:12)
  2 slime creatures (D:12)
  11 blink frogs
  2 hippogriffs
  A wyvern (Lair:6)
  A wraith (Orc:1)
  6 yaks
  3 vampire mosquitoes
  A porcupine (Lair:2)
  A black bear (Lair:5)
  An orc warrior (Orc:1)
  2 ogres
  2 wolves (Lair:5)
  A crocodile (Lair:5)
  5 bullfrogs
  A scorpion (D:13)
  A killer bee (D:10)
  An electric eel (Lair:6)
  A crimson imp (D:10)
  A jelly (D:12)
  An orc priest (Orc:2)
  6 orc wizards
  3 worker ants
  A mummy (D:14)
  8 orcs
  A bat (D:2)
  A goblin (D:2)
  2 hobgoblins (Bailey)
  2 jackals
  A kobold (D:2)
  A quokka (D:11)
  A frilled lizard (D:1)
  A rat (D:1)
  7 fungi
  4 plants
103 creatures vanquished.

Vanquished Creatures (others)
  An adder skeleton (D:4)
  9 fungi
  46 plants
  6 withered plants (D:14)
62 creatures vanquished.

Grand Total: 874 creatures vanquished

Notes
Turn   | Place    | Note
-------+----------+-------------------------------------------
     0 | D:1      | PikkenKukken the Troll Necromancer began the quest for the
                  | Orb.
     0 | D:1      | Reached XP level 1. HP: 16/16 MP: 1/1
    17 | D:1      | Learned a level 1 spell: Animate Skeleton
   188 | D:1      | Reached XP level 2. HP: 20/26 MP: 2/2
   510 | D:2      | Reached skill level 1 in Unarmed Combat
   514 | D:2      | Found a hazy altar of Hepliaklqana.
   540 | D:2      | Noticed Jessica
   546 | D:2      | Killed Jessica
   546 | D:2      | Reached skill level 1 in Fighting
   546 | D:2      | Reached XP level 3. HP: 33/33 MP: 3/3
   634 | D:2      | Reached XP level 4. HP: 34/41 MP: 4/4
   842 | D:2      | Found a sacrificial altar of Ru.
  1039 | D:2      | Reached skill level 2 in Unarmed Combat
  1276 | D:2      | Learned a level 3 spell: Regeneration
  1408 | D:3      | Found a white marble altar of Elyvilon.
  1444 | D:3      | Reached XP level 5. HP: 44/49 MP: 5/5
  1845 | D:3      | Found a runed translucent gate.
  1845 | D:3      | Noticed Sondor's ghost (amateur DsCK)
  1847 | D:3      | Found a runed translucent gate.
  1848 | D:3      | Found a runed translucent gate.
  2363 | D:4      | Noticed Natasha
  2363 | D:4      | Noticed Sigmund
  2379 | D:3      | Killed Natasha
  2436 | D:4      | Identified the cursed +0 helmet of Cowardice {rF+++ Str-3
                  | Int+5}
  2436 | D:4      | Noticed Robin
  2440 | D:3      | Noticed Natasha
  2447 | D:3      | Killed Natasha
  2501 | D:3      | Reached XP level 6. HP: 56/57 MP: 6/6
  2596 | D:4      | Reached skill level 3 in Unarmed Combat
  2715 | D:4      | Killed Sigmund
  2715 | D:4      | Reached XP level 7. HP: 53/66 MP: 7/7
  2739 | D:4      | Noticed Eustachio
  2794 | D:4      | Found a snail-covered altar of Cheibriados.
  2831 | D:4      | Killed Robin
  2854 | D:4      | Noticed Edmund
  2863 | D:4      | Killed Edmund
  2863 | D:4      | Reached skill level 5 in Dodging
  2986 | D:4      | Killed Eustachio
  2986 | D:4      | Reached skill level 4 in Unarmed Combat
  3092 | D:4      | Found Vuph's Distillery.
  3097 | D:4      | Bought a potion of might for 52 gold pieces
  3203 | D:4      | Noticed Pikel
  3221 | D:4      | Killed Pikel
  3221 | D:4      | Reached XP level 8. HP: 19/78 MP: 8/8
  3342 | D:4      | Found a runed translucent door.
  3343 | D:4      | Noticed Crazy Yiuf
  3437 | D:5      | Entered Level 5 of the Dungeon
  3456 | D:4      | Reached skill level 5 in Unarmed Combat
  3651 | D:5      | Found Isod's Antique Weapon Boutique.
  3663 | D:5      | Noticed Ijyb
  3673 | D:5      | Killed Ijyb
  3861 | D:5      | Found an ornate altar of the Wu Jian Council.
  3914 | D:5      | Reached XP level 9. HP: 67/85 MP: 9/9
  4032 | D:6      | Found a staircase to the Ecumenical Temple.
  4041 | Temple   | Entered the Ecumenical Temple
  4370 | Temple   | Became a worshipper of Warmaster Okawaru
  4517 | D:6      | Reached skill level 5 in Fighting
  4517 | D:6      | Reached skill level 6 in Unarmed Combat
  4979 | D:6      | Reached skill level 1 in Charms
  5529 | D:7      | Found a basalt altar of Yredelemnul.
  5537 | D:7      | Found a burning altar of Makhleb.
  5537 | D:7      | Noticed a cacodemon
  5601 | D:7      | Reached * piety under Okawaru
  5609 | D:7      | Found an ancient bone altar of Kikubaaqudgha.
  5708 | D:7      | Found a bloodstained altar of Trog.
  5844 | D:7      | Reached skill level 1 in Invocations
  5921 | D:8      | Found Cuxuy's Island Escapes.
  5950 | D:8      | Found a flagged portal.
  5961 | Bailey   | Entered a bailey
  6241 | Bailey   | Reached skill level 5 in Necromancy
  6565 | D:8      | Found a hide-covered altar of Uskayaw.
  6566 | D:8      | Noticed a +0 hand axe
  6566 | D:8      | Noticed a +0 hand axe
  6601 | D:8      | Reached XP level 10. HP: 96/96 MP: 13/13
  6758 | D:8      | Reached skill level 5 in Throwing
  6758 | D:8      | Reached skill level 8 in Unarmed Combat
  6758 | D:8      | Reached XP level 11. HP: 102/102 MP: 14/14
  6991 | D:8      | Reached ** piety under Okawaru
  7277 | D:8      | Gained mutation: You possess an exceptional clarity of
                  | mind. [potion of mutation]
  7277 | D:8      | Gained mutation: Your spells are a little harder to cast,
                  | but a little more powerful. [potion of mutation]
  7468 | D:9      | Noticed Grum
  7501 | D:9      | Killed Grum
  7649 | D:9      | Noticed Joseph
  7672 | D:9      | Killed Joseph
  7875 | D:9      | Noticed Psyche
  7889 | D:9      | Killed Psyche
  7938 | D:9      | Found a shadowy altar of Dithmenos.
  7978 | D:10     | Entered Level 10 of the Dungeon
  8179 | D:10     | Learned a level 4 spell: Animate Dead
  8230 | D:10     | Reached *** piety under Okawaru
  8246 | D:10     | Noticed a fire dragon
  8268 | D:10     | Found the +2 robe of Vines {NoPotionHeal Regen+7}
  8276 | D:10     | Killed a fire dragon
  8448 | D:10     | Noticed an unseen horror
  8460 | D:10     | Killed an unseen horror
  8531 | D:10     | Found a portal to a secret trove of treasure.
  8840 | D:10     | Found a staircase to the Lair.
  8931 | D:10     | Identified the Guide on Congealing Ignition
  8934 | D:10     | Identified A Thorough Guide to Magic
  9403 | Lair:1   | Entered Level 1 of the Lair of Beasts
  9417 | Lair:1   | Reached **** piety under Okawaru
  9611 | Lair:1   | You fall through a shaft!
  9674 | Lair:1   | Reached XP level 12. HP: 65/118 MP: 12/15
  9784 | Lair:1   | Learned a level 3 spell: Ozocubu's Armour
 10030 | Lair:1   | Received a gift from Okawaru
 10030 | Lair:1   | Reached skill level 1 in Ice Magic
 10445 | Lair:2   | Reached ***** piety under Okawaru
 10529 | Lair:2   | Received a gift from Okawaru
 10680 | Lair:2   | Reached skill level 9 in Unarmed Combat
 10694 | Lair:2   | Found a hole to the Spider Nest.
 10908 | Lair:2   | Found a staircase to the Shoals.
 11079 | Lair:2   | You fall through a shaft for 2 floors!
 11439 | Lair:3   | Noticed a catoblepas
 11451 | Lair:3   | Killed a catoblepas
 12221 | Lair:4   | Reached XP level 13. HP: 92/131 MP: 16/16
 12519 | Lair:4   | Reached skill level 10 in Unarmed Combat
 13144 | Lair:4   | Got a slimy golden ring
 13145 | Lair:4   | Identified the ring "Tennitz" {Wiz +Blink rC- MP+9 Str+7}
                  | (You found it on level 4 of the Lair of Beasts)
 13423 | Lair:5   | Reached skill level 10 in Fighting
 13608 | Lair:5   | Received a gift from Okawaru
 14158 | Lair:6   | Entered Level 6 of the Lair of Beasts
 14390 | Lair:6   | Reached skill level 5 in Spellcasting
 14589 | Lair:6   | Found a viscous altar of Jiyva.
 14590 | Lair:6   | Found a staircase to the Slime Pits.
 14754 | Lair:6   | Reached ****** piety under Okawaru
 14763 | Lair:6   | Received a gift from Okawaru
 15252 | Lair:6   | Reached XP level 14. HP: 134/144 MP: 22/22
 15404 | Lair:6   | Found a runed translucent gate.
 15405 | Lair:6   | Found a runed translucent gate.
 15407 | Lair:6   | Found a runed translucent gate.
 15407 | Lair:6   | Noticed Lusmu's ghost (journeyman HuWn)
 15407 | Lair:6   | Noticed Nutum's ghost (journeyman OpTm)
 15808 | D:10     | Received a gift from Okawaru
 15852 | D:10     | Reached skill level 11 in Unarmed Combat
 15907 | D:11     | Noticed Sonja
 15915 | D:11     | Killed Sonja
 16554 | D:12     | Received a gift from Okawaru
 16710 | D:12     | Found a glowing golden altar of the Shining One.
 16710 | D:12     | Found a hazy altar of Hepliaklqana.
 16920 | D:12     | Noticed Nergalle
 16929 | D:12     | Killed Nergalle
 17027 | D:12     | Found Ijuodoo's Weapon Shop.
 17090 | D:12     | Found a staircase to the Orcish Mines.
 17150 | D:12     | Received a gift from Okawaru
 17304 | Orc:1    | Entered Level 1 of the Orcish Mines
 17447 | Orc:1    | Found a transporter.
 17450 | Orc:1    | Noticed Teps's ghost (journeyman GrBe)
 17463 | Orc:1    | Found a transporter.
 17463 | Orc:1    | Noticed Josephine
 17478 | Orc:1    | Killed Josephine
 17485 | Orc:1    | Noticed Erolcha
 17490 | Orc:1    | Reached skill level 12 in Unarmed Combat
 17502 | Orc:1    | Killed Erolcha
 17619 | Orc:1    | Found Qurafius's Assorted Antiques.
 17629 | Orc:1    | Bought a twisted pearl ring for 175 gold pieces
 18029 | Orc:2    | Entered Level 2 of the Orcish Mines
 18029 | Orc:2    | Found a staircase to the Elven Halls.
 18043 | Orc:2    | Received a gift from Okawaru
 18118 | Orc:2    | Noticed an orc warlord
 18135 | Orc:2    | Killed an orc warlord
 18554 | Orc:2    | Found Bela's Magic Scroll Shoppe.
 18562 | Orc:2    | Paralysed by an orc sorcerer for 5 turns
 18604 | Orc:2    | Found an ancient bone altar of Kikubaaqudgha.
 18635 | Orc:2    | Found Kiphil's Gadget Shoppe.
 18667 | Orc:2    | Found a radiant altar of Vehumet.
 18723 | Orc:2    | Found a roughly hewn altar of Beogh.
 18729 | Orc:2    | Found Vael's Book Emporium.
 18740 | Orc:2    | Found Ydureas's Antique Armour Emporium.
 18840 | Orc:2    | Bought a wand of acid (9) for 390 gold pieces
 19708 | D:13     | Received a gift from Okawaru
 19708 | D:13     | Reached skill level 13 in Unarmed Combat
 19708 | D:13     | Reached XP level 15. HP: 136/156 MP: 23/23
 20112 | D:13     | Found a gate to the Vaults.
 20976 | D:14     | Reached skill level 14 in Unarmed Combat
 21127 | D:15     | Entered Level 15 of the Dungeon
 21260 | D:15     | Received a gift from Okawaru
 21274 | D:15     | Found a staircase to the Depths.
 21359 | D:15     | Received a gift from Okawaru
 21466 | D:15     | HP: 4/160 [two-headed ogre/+0 dire flail of protection (9)]
 21467 | D:15     | Slain by a two-headed ogre

Skill      XL: |  1  2  3  4  5  6  7  8  9 10 11 12 13 14 15 |
---------------+----------------------------------------------+-----
Dodging        | 2 3 4 6 7 8 |  8.7
Unarmed Combat | 1 2 3 4 5 6 8 9 10 13 14 | 14.6
Fighting       | 1 2 4 5 7 9 10 12 13 | 13.5
Charms         | 2 4 |  4.0
Spellcasting   | 3 6 |  6.0
Necromancy     | 5 7 8 |  8.0
Invocations    | 2 3 |  3.0
Throwing       | 5 |  5.1
Ice Magic      | 3 |  3.0
Stealth        | |  1.0

Action                   |  1- 3 |  4- 6 |  7- 9 | 10-12 | 13-15 || total
-------------------------+-------+-------+-------+-------+-------++-------
Melee: Unarmed           |    80 |   198 |   412 |   628 |  1239 ||  2557
       Punch             |     1 |       |     6 |    20 |    94 ||   121
       Staff             |       |       |       |     2 |       ||     2
       Giant club        |       |       |       |       |     5 ||     5
Throw: Tomahawk          |       |       |     4 |    14 |     9 ||    27
       Large rock        |       |       |       |       |    47 ||    47
 Cast: Animate Skeleton  |    13 |    26 |    49 |    35 |    48 ||   171
       Pain              |     1 |       |       |       |       ||     1
       Regeneration      |       |     2 |    13 |    24 |    17 ||    56
       Animate Dead      |       |       |       |    14 |    55 ||    69
       Ozocubu's Armour  |       |       |       |     6 |    34 ||    40
Invok: Heroism           |       |       |     5 |    25 |    42 ||    72
       Finesse           |       |       |       |       |     5 ||     5
Evoke: Wand              |       |       |       |       |     1 ||     1
  Use: Scroll            |     5 |     5 |     7 |    11 |    11 ||    39
       Potion            |       |       |     3 |     2 |       ||     5
 Stab: Distracted        |     1 |       |       |     2 |     6 ||     9
       Sleeping          |       |     4 |     3 |     1 |     1 ||     9
  Eat: Chunk             |    12 |    20 |    39 |    55 |    85 ||   211
       Ration            |       |       |       |     3 |     4 ||     7
Armor: Robe              |    40 |    70 |   150 |   105 |   291 ||   656
Dodge: Dodged            |    40 |    97 |   334 |   359 |   748 ||  1578
